 Dungeon Crawl Stone Soup version 0.29-a0-341-g24ffce5b50 (webtiles) character file.

Game seed: 2805414192553829921

210 jimonade the Magician (level 6, -11/43 HPs)
             Began as a Djinni Fire Elementalist on Apr 21, 2022.
             Mangled by Edmund
             ... wielding a +2 vorpal dire flail
              (12 damage)
             ... on level 3 of the Dungeon.
             The game lasted 00:07:11 (4751 turns).

jimonade the Magician (Djinni Fire Elementalist)    Turns: 4751, Time: 00:07:12

Health: -11/43     AC:  5    Str:  9    XL:     6   Next: 12%
Gold:   153        EV: 12    Int: 17    God:
                   SH:  0    Dex: 13

rFire   + + .      SeeInvis .   d - +0 whip
rCold   x . .      Faith    .   o - orb {mayhem}
rNeg    . . .      Spirit   .   a - +0 robe
rPois   ∞          Reflect  .   r - +2 helmet
rElec   .          Harm     .   (no cloak)
rCorr   .          Rampage  .   (no gloves)
Will    .....                   (boots unavailable)
Stlth   ++........              n - amulet of regeneration
HPRegen 0.94/turn               (no ring)
MPRegen 0.00/turn               (no ring)

@: flying
A: sickness immunity, fire resistance 2, cold vulnerability 1, float, innate
caster, HP casting, extra vitality 1
a: no special abilities


You were on level 3 of the Dungeon.
You visited 1 branch of the dungeon, and saw 4 of its levels.

You collected 153 gold pieces.

Inventory:

Hand Weapons
 d - a +0 whip (weapon)
 j - a +0 rapier
 t - a +0 hunting sling
 w - a +0 spear
Missiles
 i - 106 stones
 C - 3 poisoned darts
Armour
 a - a +0 robe (worn)
 e - a +0 leather armour
 l - a +0 chain mail
 o - an orb of mayhem (worn)
 r - a +2 helmet (worn)
 s - a +0 ring mail
 y - a +0 scale mail
 A - a +0 plate armour
Jewellery
 n - an amulet of regeneration (around neck)
Scrolls
 f - 5 scrolls of vulnerability {unknown}
 h - 2 scrolls of amnesia {unknown}
 m - 2 scrolls of identify {unknown}
 q - a scroll of acquirement {unknown}
 u - a scroll of magic mapping {unknown}
 v - 2 scrolls of brand weapon {unknown}
 z - a scroll of immolation {unknown}
Potions
 b - a potion of mutation {unknown}
 c - a potion of attraction {unknown}
 g - a potion of degeneration {unknown}
 k - 4 potions of curing {unknown}
 p - a potion of heal wounds {unknown}
 x - a potion of brilliance {unknown}
 B - a potion of haste {unknown}


   Skills:
 * Level 2.2 Fighting
 - Level 2.1 Dodging
 - Level 1.5 Stealth
 + Level 4.5 Spellcasting


You couldn't memorise any spells.
You knew the following spells:

 Your Spells              Type           Power      Damage    Failure   Level
a - Foxfire               Conj/Fire      76%        2x1d7     2%          1
b - Scorch                Fire           38%        2d7       3%          2
c - Conjure Flame         Conj/Fire      19%        6-21      7%          3
d - Inner Flame           Hex/Fire       19%        N/A       7%          3
e - Flame Wave            Conj/Fire      19%        2d6       24%         4
f - Apportation           Tloc           38%        N/A       2%          1
g - Ensorcelled Hibernat  Hex/Ice        38%        N/A       3%          2
Your spell library was empty.

Dungeon Overview and Level Annotations

Branches:
Dungeon (4/15)
 Temple: D:4-7

Altars:

Annotations:
D:3 Edmund


Innate Abilities, Weirdness & Mutations

You are immune to sickness and miasma.
You are immune to poison.
Your flesh is very heat resistant. (rF++)
You are vulnerable to cold. (rC-)
You float through the air rather than walking.
You learn spells naturally, not from books.
Your magical power is your life essence.
You have superior vitality. (+4 MHP)


Message History

The adder attacks as you move away! The adder closely misses you.
The adder misses you.
You conjure some foxfire!
The adder bites you.
There is not enough space to conjure foxfire!
Your foxfire dissipates!
Casting: Foxfire (safe; 2% risk of failure)
Confirm with . or Enter, or press ? or * to list all spells.
Flames lash the adder.
The adder is severely wounded.
The adder's fire resistance burns away.
The adder bites you. The adder attacks as you move away! The adder bites you.
The adder bites you but does no damage.
There is a stone staircase leading up here.
Casting: Scorch (safe; 3% risk of failure)
Confirm with . or Enter, or press ? or * to list all spells.
Flames lash the adder.
The adder is burned terribly!
You kill the adder!
Edmund flies into a frenzy!
Casting: Scorch (safe; 3% risk of failure)
Confirm with . or Enter, or press ? or * to list all spells.
Flames lash Edmund.
Edmund is moderately wounded.
Edmund's fire resistance burns away.
Edmund hits you with a +2 vorpal dire flail!
Casting: Scorch (safe; 3% risk of failure)
Confirm with . or Enter, or press ? or * to list all spells.
Flames lash Edmund but do no damage.
Edmund misses you. Edmund barely misses you.
Edmund hits you with a +2 vorpal dire flail!!
Ouch! That really hurt!
* * * LOW HITPOINT WARNING * * *
x2 You fly upwards.
There is a stone staircase leading down here.
Casting: Scorch (safe; 3% risk of failure)
Confirm with . or Enter, or press ? or * to list all spells.
Flames lash Edmund.
Edmund is burned terribly!
Edmund is heavily wounded.
* * * LOW HITPOINT WARNING * * *
Edmund hits you with a +2 vorpal dire flail!
You die...

#####....# #........#
#........# #........#
###........# ...........#
...........#
...........#######
...............@@## ######
.....##.##.##.....# #.....
.....##.##.##.....########
#.####
.....##.##.##............#
#.#
.....##.##.##............#
#.#
#######.##.##...........)#
#.#
...........##............#
#.#
#######.#####........)...#
#.#
.....##.##########...<...#
#.####


You could see the neutral Edmund (fast, strong, insane, combustible).

Vanquished Creatures
  Robin (D:2)
  4 gnolls (D:3)
  7 adders
  3 worms (D:2)
  A dart slug (D:2)
  8 orcs (D:3)
  4 ball pythons
  5 bats
  2 endoplasms (D:2)
  3 giant cockroaches
  8 goblins
  7 hobgoblins
  11 jackals
  2 quokkas
  3 frilled lizards
  3 kobolds
  2 rats (D:2)
74 creatures vanquished.

Vanquished Creatures (collateral kills)
  A giant cockroach (D:3)
  2 foxfires
3 creatures vanquished.

Vanquished Creatures (others)
  104 foxfires
  A fungus (D:1)
105 creatures vanquished.

Grand Total: 182 creatures vanquished

Notes
Turn   | Place    | Note
-------+----------+-------------------------------------------
     0 | D:1      | jimonade the Djinni Fire Elementalist began the quest for
                  | the Orb.
     0 | D:1      | Reached XP level 1. HP: 15/15 MP: 0/0
   382 | D:1      | Reached XP level 2. HP: 22/22 MP: 0/0
   521 | D:1      | Found a faded altar of an unknown god.
  1100 | D:1      | Reached skill level 3 in Spellcasting
  1340 | D:1      | Reached XP level 3. HP: 22/26 MP: 0/0
  1340 | D:1      | Learned a level 1 spell: Apportation
  1344 | D:1      | Reached skill level 1 in Fighting
  2424 | D:2      | Reached XP level 4. HP: 28/32 MP: 0/0
  2587 | D:2      | Noticed Robin
  2863 | D:2      | Killed Robin
  3464 | D:3      | Reached XP level 5. HP: 26/38 MP: 0/0
  3464 | D:3      | Learned a level 2 spell: Ensorcelled Hibernation
  3673 | D:3      | Reached skill level 4 in Spellcasting
  4389 | D:3      | Reached XP level 6. HP: 38/43 MP: 0/0
  4737 | D:4      | Noticed Edmund
  4749 | D:4      | HP: 2/43 [Edmund/+2 vorpal dire flail (25)]
  4751 | D:3      | Mangled by Edmund

Illustrated notes

Levels and vault maps discovered:
D:1:      giann_horns, layout_loops_corners, shapermc_ecumenical_altar_ellora
D:2:      layout_loops_corners, uniq_robin
D:3:      layout_basic, dk_noncrumbling_3
D:4:      layout_loops_ring, minmay_temple_entry_trees, uniq_edmund,
          uniq_grinder, uniq_menkaure

Skill      XL: |  1  2  3  4  5 |
---------------+----------------+-----
Spellcasting   | 3 4 |  4.5
Fighting       | 1 2 |  2.2
Dodging        | |  2.1
Stealth        | |  1.5

Action                   |  1- 3 |  4- 6 || total
-------------------------+-------+-------++-------
Melee: Unarmed           |     3 |       ||     3
       Whip              |     3 |     1 ||     4
 Cast: Foxfire           |    21 |    42 ||    63
       Scorch            |    26 |    42 ||    68
Armor: Robe              |     5 |     7 ||    12
Dodge: Dodged            |    27 |    19 ||    46

Table legend: (Time is in decaauts)
 A = Elapsed time spent in this place.
 B = Non-inter-level travel time spent in this place.
 C = Inter-level travel time spent in this place.
 D = Time resting spent in this place.
 E = Time spent auto-exploring this place.
 F = Levels seen in this place.
 G = Mean time per level.
                   A        B        C        D        E       F      G
               +--------+--------+--------+--------+--------+-----+--------+
         Total |   4751 |   4642 |    109 |    494 |   3544 |   4 | 1187.8 |
       Dungeon |   4751 |   4642 |    109 |    494 |   3544 |   4 | 1187.8 |
               +--------+--------+--------+--------+--------+-----+--------+

Top non-repeatable levels by time:
     D:2: 1842 daAuts
     D:1: 1729 daAuts
     D:3: 1160 daAuts
     D:4: 18 daAuts
